Map: [ESL] Oceanborn

Players

ByuN - Winner!

  • Race: Terran Terran
  • Spawn Location: 5:00

HeroMarine

  • Race: Terran Terran
  • Spawn Location: 11:00

Event: ESL Spring 2024 Finals

VOD

Have the link to the VOD?

Description

Time

  • Played on: June 1, 2024, 2:38 p.m.
  • Length: 11:46

All games in this series

Show
View Real Time Build Order
Export as new Build Order

ByuN Terran - Winner!

Build Orders: Cyclone Opening, Gas First Reaper Expand 

Get SALT Encoding   

  12  0:00  SCV  
  13  0:12  SCV  
  14  0:16  Supply Depot  
  14  0:24  SCV  
  14  0:28  Refinery  
  15  0:38  SCV  
  16  0:43  Barracks  
  16  0:50  SCV  
  17  1:02  SCV  
  18  1:14  SCV  
  19  1:30  Orbital Command, Reaper  
  20  1:41  Command Center  
  20  1:51  Factory  
  20  1:55  SCV  
  21  2:01  Supply Depot  
  21  2:05  Marine  
  21  2:08  SCV  
  23  2:12  Refinery  
  23  2:23  SCV, Marine  
  25  2:35  SCV  
  25  2:36  Starport, Hellion  
  28  2:42  Barracks Reactor  
  28  2:47  SCV  
  29  2:53  Orbital Command  
  29  2:57  Cyclone  
  31  3:00  SCV  
  32  3:08  Refinery  
  32  3:12  SCV, Medivac  
  35  3:19  Marine x2  
  37  3:24  SCV x2  
  37  3:26  Supply Depot  
  39  3:29  Factory Tech Lab  
  39  3:36  SCV x2  
  39  3:38  Marine x2  
  43  3:42  Starport Tech Lab  
  44  3:50  Supply Depot  
  44  3:51  Siege Tank  
  44  3:53  SCV x2  
  48  3:56  Marine x2  
  50  4:04  Raven  
  50  4:08  SCV  
  50  4:09  SCV  
  54  4:14  Marine x2  
  55  4:20  SCV  
  55  4:21  SCV  
  57  4:24  Siege Tank  
  58  4:32  SCV  
  58  4:33  SCV, Marine x2  
  58  4:37  Supply Depot  
  61  4:41  Interference Matrix  
  61  4:44  SCV  
  61  4:45  SCV  
  61  4:54  Raven  
  61  4:57  SCV x2  
  65  5:01  Marine x2  
  65  5:02  Siege Tank  
  70  5:08  Supply Depot  
  70  5:10  SCV x2  
  72  5:21  Marine x2, Command Center  
  72  5:22  Refinery  
  72  5:25  SCV x2  
  76  5:34  Supply Depot  
  76  5:37  SCV x2  
  76  5:39  Siege Tank  
  81  5:48  Viking  
  81  5:49  Marine, Stimpack, Viking  
  86  5:56  SCV x2  
  88  6:09  Barracks x2  
  84  6:12  SCV x2  
  84  6:14  Siege Tank  
  84  6:15  Marine  
  90  6:18  Engineering Bay  
  90  6:22  Engineering Bay, Viking  
  90  6:25  Viking  
  94  6:33  SCV x2  
  94  6:37  Orbital Command  
  96  6:40  Marine  
  98  6:47  SCV x2  
  98  6:51  Siege Tank  
  102  6:58  Marine  
  99  7:02  Orbital Command  
  99  7:07  Viking x2  
  94  7:09  Terran Infantry Weapons Level 1, Terran Infantry Armor Level 1  
  94  7:10  SCV x2  
  94  7:13  Barracks Reactor x2  
  95  7:15  Marine  
  95  7:22  SCV x2  
  95  7:29  SCV  
  96  7:33  Marine  
  96  7:34  SCV x2  
  97  7:41  SCV  
  98  7:45  Viking x2  
  98  7:46  SCV x2  
  104  7:51  Marine, Barracks  
  104  7:55  SCV, Barracks  
  102  7:58  SCV x2  
  102  8:00  Marine x2  
  102  8:07  SCV  
  102  8:10  SCV x2  
  103  8:16  Marine x2  
  103  8:18  Marine  
  103  8:19  SCV, Marine x2  
  97  8:22  SCV x2  
  98  8:29  Combat Shield, Supply Depot, Armory, Siege Tank  
  98  8:31  SCV  
  98  8:33  Marine  
  98  8:34  Marine  
  103  8:40  Medivac x2  
  108  8:42  Marine x3, Sensor Tower  
  113  8:50  Barracks Reactor x2  
  113  8:53  SCV x3  
  114  8:56  Marine  
  114  8:57  Marine  
  114  8:59  Marine  
  114  9:00  Marine x2  
  114  9:02  Command Center  
  119  9:11  Siege Tank  
  119  9:14  Marine x2  
  124  9:17  Marine  
  124  9:18  Supply Depot, Marine, Medivac x2  
  124  9:22  Terran Infantry Armor Level 2, Terran Infantry Weapons Level 2  
  131  9:27  Marine x2  
  131  9:30  Supply Depot  
  133  9:32  Supply Depot x2  
  133  9:33  Marine x2  
  133  9:34  Marine  
  133  9:35  Marine x2  
  137  9:39  Supply Depot  
  136  9:46  Marine x4  
  136  9:50  Siege Tank  
  136  9:51  Marine x2  
  136  9:52  Marine x2  
  145  9:53  Marine, Medivac  
  145  9:55  Medivac  
  145  9:57  Supply Depot  
  152  10:01  Refinery x2  
  152  10:03  Marine x2  
  152  10:05  Supply Depot  
  154  10:12  Marine x4  
  158  10:20  Marine x2  
  156  10:22  Siege Tank  
  156  10:25  Marine x2  
  156  10:27  Marine  
  154  10:30  Marine x4  
  154  10:33  SCV  
  152  10:37  Marine  
  152  10:38  SCV x2, Marine  
  151  10:43  Marine x2  
  151  10:45  Marine  
  151  10:47  Marine  
  154  10:50  Marine, Barracks  
  154  10:52  Marine x2  
  154  10:54  Siege Tank  
  154  10:56  Marine  
  160  10:58  Medivac  
  160  11:00  Medivac  
  164  11:07  Marine  
  164  11:08  Marine x5  
  170  11:14  Sensor Tower  
  170  11:15  SCV x2  
  172  11:23  Barracks  
Show
View Real Time Build Order
Export as new Build Order

HeroMarine Terran 

Build Orders: Cyclone Opening 

Get SALT Encoding   

  12  0:00  SCV  
  13  0:12  SCV  
  14  0:17  Supply Depot  
  14  0:24  SCV  
  15  0:38  SCV  
  15  0:40  Barracks  
  16  0:43  Refinery  
  16  0:50  SCV  
  16  0:52  Refinery  
  17  1:02  SCV  
  18  1:14  SCV  
  19  1:27  Orbital Command, Reaper  
  19  1:31  Supply Depot  
  20  1:40  Factory  
  20  1:52  SCV  
  21  1:59  Reaper  
  22  2:04  SCV  
  23  2:15  Command Center  
  23  2:17  SCV  
  24  2:23  Cyclone  
  27  2:30  SCV  
  27  2:35  Starport  
  27  2:42  SCV  
  27  2:43  Barracks Reactor  
  28  2:47  Supply Depot  
  28  2:54  SCV  
  28  2:56  Cyclone  
  31  3:08  SCV  
  31  3:12  Medivac  
  34  3:14  Refinery  
  34  3:19  Marine x2  
  35  3:20  SCV  
  37  3:27  Orbital Command  
  37  3:29  Factory Tech Lab  
  37  3:34  SCV  
  37  3:37  Marine x2  
  40  3:45  Starport Tech Lab  
  40  3:46  SCV  
  41  3:49  Siege Tank  
  41  3:54  Supply Depot  
  45  4:00  Marine  
  45  4:01  Marine  
  47  4:02  SCV  
  47  4:03  SCV  
  47  4:06  Raven  
  50  4:14  SCV  
  50  4:15  SCV  
  52  4:18  Marine x2  
  52  4:21  Siege Tank  
  52  4:22  Supply Depot  
  57  4:27  SCV x2  
  59  4:34  Interference Matrix  
  59  4:36  Marine x2  
  61  4:43  SCV  
  61  4:44  Raven, SCV  
  65  4:55  Command Center  
  65  4:56  SCV x2  
  67  5:00  Siege Tank  
  67  5:05  Supply Depot  
  70  5:08  SCV x2  
  70  5:13  Marine x2  
  74  5:18  Raven  
  76  5:22  SCV x2  
  78  5:32  Siege Tank  
  78  5:34  SCV x2  
  83  5:44  Barracks  
  83  5:45  Barracks  
  83  5:46  SCV x2  
  85  5:50  Refinery  
  85  5:58  SCV  
  86  6:06  Marine  
  86  6:07  SCV, Siege Tank, Viking x2  
  86  6:10  SCV  
  95  6:12  Orbital Command  
  95  6:17  Stimpack  
  94  6:19  SCV  
  94  6:22  SCV  
  94  6:23  Engineering Bay x2  
  96  6:29  Supply Depot  
  96  6:31  SCV  
  97  6:33  Barracks Reactor x2  
  97  6:34  SCV  
  98  6:42  Orbital Command  
  98  6:43  SCV  
  98  6:45  Viking  
  101  6:50  Marine, Viking  
  101  6:51  SCV  
  105  6:55  SCV  
  101  7:03  SCV  
  101  7:07  Siege Tank, SCV  
  100  7:08  SCV, Marine  
  100  7:11  Terran Infantry Armor Level 1  
  100  7:13  Terran Infantry Weapons Level 1  
  100  7:15  SCV  
  103  7:16  Marine x3  
  103  7:17  Marine  
  103  7:19  SCV  
  103  7:20  SCV  
  109  7:24  Viking  
  109  7:26  Marine  
  109  7:27  SCV  
  112  7:30  Supply Depot, Barracks x2  
  112  7:31  SCV, Viking  
  112  7:32  Supply Depot, SCV  
  112  7:34  Marine  
  112  7:35  Marine  
  117  7:40  Refinery  
  117  7:41  Refinery  
  117  7:42  Marine  
  117  7:52  SCV x3, Marine x2  
  117  7:54  Viking  
  116  8:01  Viking  
  116  8:03  Marine  
  116  8:04  SCV x2, Marine  
  116  8:05  Siege Tank  
  116  8:07  Marine  
  116  8:09  Marine  
  116  8:12  Marine  
  113  8:20  Combat Shield  
  113  8:21  Marine x2  
  113  8:24  Supply Depot, Viking, Barracks Reactor  
  113  8:25  Marine  
  113  8:26  Barracks Reactor  
  118  8:27  Marine  
  118  8:29  Marine  
  118  8:31  Viking  
  122  8:36  SCV x3  
  122  8:37  Command Center  
  122  8:41  Marine x2  
  125  8:42  Marine, Sensor Tower  
  125  8:47  Supply Depot  
  128  8:49  Marine  
  128  8:50  Armory  
  129  8:55  Medivac  
  129  8:57  Marine, Missile Turret  
  129  8:59  Marine x2  
  129  9:00  Marine  
  129  9:01  Medivac  
  129  9:02  Marine x3  
  140  9:08  Siege Tank  
  143  9:12  Supply Depot  
  143  9:13  Supply Depot  
  143  9:14  Supply Depot  
  143  9:15  Marine x2  
  143  9:16  Marine  
  146  9:19  Marine x3  
  149  9:33  Supply Depot, Marine x4, Factory  
  149  9:36  Medivac  
  149  9:37  Medivac  
  157  9:41  Siege Tank  
  160  9:47  Marine x3  
  160  9:48  Marine  
  164  9:58  Marine x5  
  169  10:01  SCV  
  169  10:02  SCV x2  
  169  10:03  Supply Depot  
  169  10:05  Marine x3  
  175  10:13  Siege Tank, SCV  
  175  10:14  SCV x2  
  172  10:22  Marine x3  
  172  10:23  Marine x4  
  172  10:33  Marine  
  147  10:40  Marine  
  129  10:43  Marine  
  129  10:44  Marine x2  
  129  10:45  Planetary Fortress, Siege Tank, Marine x2  
  129  10:47  Marine  
  136  10:51  Marine  
  137  10:57  Marine  
  137  10:59  Barracks Reactor, Viking x2  
  137  11:01  Siege Tank, Marine x2  
  137  11:03  Marine x2  
  146  11:07  Marine  
  146  11:09  Barracks x2  
  146  11:10  Barracks  
  147  11:12  Sensor Tower  
  147  11:16  Marine x3  
  153  11:19  Marine x2  
  153  11:20  Marine  
  153  11:21  Marine  
  153  11:25  Marine  
Tags
 
Add a new tag
Caveats
  • Supply blocks, unpowered buildings, or Contaminate may cause inaccurate times.
  • Supply counts are checked every 10 seconds.